Map: Acropolis LE

Players

ZipperTheFly

  • Race: Terran Terran
  • Spawn Location: 5:00

SaLemandr - Winner!

  • Race: Terran Terran
  • Spawn Location: 11:00

Event: 2019 WCS Summer

VOD

Have the link to the VOD?

Description

Time

  • Played on: July 12, 2019, 9:16 a.m.
  • Length: 18:27

All games in this series

Show
View Real Time Build Order
Export as new Build Order

ZipperTheFly Terran 

Build Orders:  

Get SALT Encoding   

  12  0:01  SCV  
  13  0:13  SCV  
  14  0:18  Supply Depot  
  14  0:25  SCV  
  14  0:28  Refinery  
  15  0:40  SCV  
  16  0:44  Barracks  
  16  0:52  SCV  
  16  0:55  Refinery  
  18  1:04  SCV  
  18  1:16  SCV  
  19  1:32  Factory  
  19  1:34  Reaper  
  19  1:36  Orbital Command  
  20  2:01  SCV  
  20  2:06  Reaper  
  22  2:14  SCV  
  23  2:23  Supply Depot  
  23  2:25  Command Center  
  23  2:41  Starport  
  23  2:43  Barracks Reactor  
  23  2:45  SCV, Hellion  
  26  2:57  SCV  
  27  3:06  Factory Tech Lab  
  27  3:09  SCV  
  28  3:19  Starport Tech Lab  
  28  3:21  SCV  
  28  3:25  Marine  
  28  3:26  Marine  
  31  3:30  Refinery  
  31  3:36  SCV, Cyclone  
  36  3:44  Marine  
  36  3:45  Marine  
  36  3:47  Orbital Command  
  36  3:50  Raven  
  36  3:53  SCV  
  38  4:02  Marine  
  38  4:03  Marine  
  38  4:05  SCV  
  38  4:08  Siege Tank  
  44  4:13  Command Center  
  44  4:14  SCV  
  45  4:25  Supply Depot  
  45  4:29  Marine x2, SCV  
  46  4:34  SCV  
  46  4:36  Raven  
  48  4:41  SCV  
  49  4:48  Siege Tank  
  49  4:49  SCV  
  53  4:54  SCV  
  53  4:57  Marine x2  
  56  5:02  SCV  
  56  5:06  SCV  
  56  5:14  SCV  
  56  5:18  SCV, Supply Depot  
  56  5:20  Siege Tank  
  61  5:26  Stimpack  
  62  5:32  Orbital Command  
  62  5:33  Refinery  
  62  5:34  SCV  
  62  5:36  SCV  
  63  5:45  Viking  
  63  5:46  Viking, SCV  
  63  5:49  SCV  
  69  5:53  Siege Tank  
  69  5:55  Marine  
  73  5:58  SCV  
  73  6:02  SCV  
  75  6:09  Engineering Bay x2  
  75  6:10  SCV  
  76  6:14  SCV  
  76  6:17  Viking  
  79  6:18  Orbital Command, Viking  
  79  6:23  SCV  
  82  6:26  SCV, Supply Depot  
  82  6:29  Supply Depot  
  83  6:33  Siege Tank, Marine  
  83  6:36  Terran Infantry Weapons Level 1  
  83  6:39  Terran Infantry Armor Level 1  
  87  6:40  SCV  
  87  6:41  SCV  
  87  6:44  SCV  
  90  6:50  Viking  
  90  6:52  Viking, SCV  
  95  6:56  SCV  
  95  6:57  SCV  
  95  6:58  Marine  
  98  7:04  Supply Depot  
  98  7:08  Barracks  
  98  7:10  Barracks  
  98  7:12  Siege Tank  
  98  7:14  SCV x2  
  103  7:15  SCV  
  104  7:24  Viking x2  
  104  7:27  SCV x2  
  104  7:29  SCV  
  111  7:34  Supply Depot  
  111  7:41  SCV  
  111  7:44  Marine  
  112  7:45  Siege Tank  
  112  7:50  SCV  
  115  7:52  Supply Depot  
  115  7:53  Supply Depot  
  115  7:55  SCV  
  115  7:57  Barracks x2  
  116  8:01  Marine  
  116  8:05  SCV  
  105  8:07  Barracks Reactor  
  105  8:08  SCV  
  92  8:18  Combat Shield, Barracks Reactor  
  92  8:19  Marine  
  92  8:20  SCV  
  92  8:21  Siege Tank  
  92  8:22  Medivac x2  
  92  8:23  SCV  
  92  8:26  Refinery  
  102  8:27  Refinery, Supply Depot  
  102  8:28  Supply Depot  
  102  8:29  Armory  
  102  8:34  SCV  
  102  8:35  SCV  
  102  8:40  Marine, Missile Turret x2  
  105  8:43  Missile Turret  
  105  8:44  SCV  
  105  8:45  Missile Turret  
  105  8:47  Marine, Missile Turret  
  105  8:48  Marine, Barracks Reactor x2  
  108  8:51  SCV  
  108  8:52  Medivac  
  108  8:53  Medivac  
  114  8:55  SCV  
  114  9:02  Command Center  
  114  9:05  Marine x2  
  114  9:06  Marine x3  
  118  9:19  Siege Tank  
  118  9:23  Marine x2  
  118  9:24  Marine x3  
  125  9:25  Terran Infantry Weapons Level 2, Missile Turret x2, Terran Infantry Armor Level 2  
  126  9:38  Marine x2, SCV  
  106  9:41  Marine x6  
  106  9:42  Marine  
  106  9:43  SCV  
  106  9:44  SCV  
  113  9:50  SCV  
  114  9:54  Medivac x2  
  114  9:56  Marine x2, SCV x2  
  114  9:58  Marine x2  
  114  9:59  Marine x3  
  127  10:07  Marine x2  
  127  10:13  Marine x2  
  130  10:14  Terran Vehicle Weapons Level 1  
  130  10:16  Marine x2  
  130  10:17  Marine x2  
  134  10:23  Sensor Tower  
  134  10:24  Marine x2  
  134  10:26  Siege Tank  
  139  10:31  Marine x2  
  139  10:34  Marine  
  142  10:36  Marine x3, Barracks Reactor  
  142  10:37  Planetary Fortress  
  142  10:38  SCV x2  
  142  10:39  Factory  
  142  10:41  Marine  
  142  10:42  Marine  
  146  10:47  SCV  
  146  10:49  Marine x2  
  150  10:50  SCV  
  150  10:51  Medivac  
  150  10:52  Marine  
  150  10:54  Marine x3  
  157  10:59  Marine  
  157  11:00  Siege Tank, Marine  
  154  11:07  Orbital Command  
  135  11:12  Marine x2  
  135  11:13  Marine  
  135  11:16  Marine x2  
  127  11:19  Marine x5  
  127  11:21  Medivac  
  123  11:30  Marine x2, SCV  
  123  11:31  Marine  
  127  11:33  SCV  
  127  11:34  Marine x2  
  127  11:37  Marine x3  
  127  11:41  SCV x2  
  127  11:43  SCV  
  127  11:44  Refinery  
  130  11:48  Marine  
  130  11:49  Marine x3  
  130  11:51  SCV  
  130  11:53  Terran Infantry Weapons Level 3, Refinery, Terran Infantry Armor Level 3, SCV  
  136  11:55  SCV  
  136  11:56  Marine x6  
  143  12:04  SCV  
  143  12:06  Siege Tank, Marine x3  
  143  12:07  Siege Tank, Marine, SCV  
  154  12:13  Marine x2  
  154  12:14  Marine  
  156  12:24  Supply Depot  
  156  12:25  Marine x5, SCV, Supply Depot  
  156  12:27  SCV  
  156  12:28  Supply Depot  
  163  12:31  SCV  
  163  12:36  Marine x2  
  164  12:46  Siege Tank, Marine x2  
  164  12:47  Marine x6  
  175  12:52  SCV  
  175  12:56  SCV x2  
  175  12:58  Marine x2, Refinery x2  
  176  12:59  Terran Vehicle Weapons Level 2  
  176  13:00  Supply Depot  
  176  13:02  Supply Depot  
  176  13:03  Marine x2  
  176  13:05  Marine x6  
  184  13:14  Command Center  
  184  13:16  Marine x2  
  186  13:21  Marine x2  
  186  13:23  Marine x3  
  184  13:34  Marine x5  
  179  13:35  Siege Tank x2  
  179  13:39  Marine x2  
  179  13:40  Marine  
  179  13:41  Marine x2  
  195  13:52  Marine x3  
  187  13:56  Marine x2  
  187  13:58  Marine  
  187  13:59  Marine  
  191  14:05  Marine x3, Medivac x2  
  191  14:09  Marine  
  198  14:11  Starport  
  198  14:13  Marine  
  198  14:14  Starport  
  196  14:21  Marine  
  196  14:22  Marine x3  
  200  14:29  Barracks  
  200  14:30  Command Center  
  200  14:31  Barracks  
  200  14:32  Barracks  
  200  14:38  Missile Turret  
  200  14:41  Missile Turret  
  200  14:42  Missile Turret  
  145  15:15  Marine  
  145  15:16  Marine  
  145  15:18  Marine x8  
  145  15:19  Siege Tank x2  
  145  15:20  Marine x3  
  163  15:22  Viking x2  
  163  15:23  Starport Reactor  
  161  15:32  Marine  
  161  15:34  Marine  
  158  15:36  Marine x5  
  158  15:42  Marine  
  164  15:44  Marine x2  
  155  15:51  Marine  
  155  15:52  Marine x4  
  155  15:53  Siege Tank x2, Marine  
  155  15:54  Marine x4  
  155  15:55  Viking x2  
  175  16:01  Liberator  
  175  16:04  Marine x2  
  175  16:06  Marine  
  175  16:08  Planetary Fortress  
  175  16:09  Marine x2  
  175  16:10  Marine x3  
  178  16:11  Marine  
  178  16:14  Marine  
  178  16:17  Viking x2  
  175  16:25  Siege Tank x2  
  175  16:27  Marine x8  
  175  16:28  Marine x3  
  175  16:29  Marine  
  175  16:32  Viking, Marine  
  186  16:37  Viking  
  189  16:45  Marine  
  188  16:50  Planetary Fortress  
  188  16:51  Viking x2  
  188  16:53  SCV  
  184  17:02  Marine x2  
  184  17:06  Marine x2  
  184  17:07  Viking x2  
  176  17:09  Viking, Marine x5  
  176  17:10  Marine x2  
  176  17:15  Missile Turret x2  
  185  17:21  Viking  
  185  17:22  Marine x4  
  191  17:24  Marine  
  192  17:30  Marine x8  
  189  17:39  Marine  
  189  17:40  Marine  
  189  17:41  Marine  
  189  17:42  Viking x4  
  193  17:51  Viking  
  184  18:09  Marine  
Show
View Real Time Build Order
Export as new Build Order

SaLemandr Terran - Winner!

Build Orders: Cyclone Opening, Gas First Reaper Expand 

Get SALT Encoding   

  12  0:00  SCV  
  13  0:13  SCV  
  14  0:17  Supply Depot  
  14  0:25  SCV  
  15  0:29  Refinery  
  15  0:38  SCV  
  16  0:44  Barracks  
  16  0:50  SCV  
  17  1:03  SCV  
  18  1:15  SCV  
  19  1:31  Orbital Command, Reaper  
  20  1:44  Command Center  
  20  1:55  Factory  
  20  1:58  SCV  
  21  2:09  Supply Depot, Reaper  
  21  2:13  SCV  
  23  2:17  Refinery  
  23  2:30  SCV  
  24  2:38  Factory Tech Lab  
  24  2:41  Barracks Reactor  
  24  2:43  SCV  
  25  2:55  Orbital Command, SCV  
  25  2:57  Cyclone  
  29  3:12  Command Center  
  29  3:15  SCV  
  29  3:17  Marine  
  31  3:20  Marine  
  31  3:23  SCV  
  33  3:30  Starport  
  33  3:33  SCV  
  34  3:35  SCV  
  35  3:45  SCV  
  35  3:47  SCV  
  37  3:50  Marine  
  37  3:51  Siege Tank, Marine  
  42  3:56  Supply Depot  
  42  3:58  SCV  
  42  3:59  SCV  
  44  4:08  Barracks  
  44  4:10  SCV  
  44  4:11  Starport Tech Lab  
  44  4:12  Barracks  
  44  4:14  SCV  
  46  4:17  Marine  
  46  4:21  Supply Depot  
  46  4:22  SCV  
  48  4:26  SCV  
  48  4:28  SCV  
  50  4:34  SCV  
  50  4:38  Marine, SCV  
  50  4:39  Marine  
  50  4:40  Raven  
  50  4:42  Orbital Command  
  55  4:46  SCV  
  55  4:49  Supply Depot  
  55  4:50  SCV  
  57  4:57  Barracks Tech Lab  
  57  4:58  SCV  
  58  5:01  Engineering Bay, Barracks Tech Lab  
  58  5:02  Engineering Bay  
  58  5:04  SCV  
  59  5:08  Marine  
  59  5:10  SCV  
  59  5:11  Siege Tank  
  64  5:16  SCV  
  64  5:17  Supply Depot  
  64  5:19  Stimpack  
  65  5:22  SCV  
  65  5:23  Refinery  
  65  5:25  Refinery  
  66  5:30  SCV  
  66  5:34  Marine x3  
  70  5:36  SCV  
  70  5:40  Orbital Command, Supply Depot  
  70  5:41  Supply Depot  
  71  5:43  SCV  
  71  5:48  Marine  
  73  5:50  Raven  
  73  5:51  SCV  
  73  5:52  Marine x2  
  73  5:55  SCV  
  73  5:56  Combat Shield  
  73  5:57  Marine  
  79  6:03  Barracks x2, SCV  
  81  6:06  Marine  
  81  6:10  Marine x2  
  85  6:11  SCV  
  85  6:13  Terran Infantry Weapons Level 1  
  85  6:14  Marine  
  85  6:17  Supply Depot x2  
  85  6:18  Terran Infantry Armor Level 1  
  86  6:22  SCV  
  86  6:24  Marine  
  87  6:28  Marine x2  
  87  6:30  Siege Tank, SCV  
  87  6:31  SCV  
  87  6:32  Marine  
  94  6:34  SCV  
  96  6:41  Marine, Supply Depot  
  96  6:42  SCV  
  96  6:44  SCV, Supply Depot  
  96  6:46  Marine, Starport Reactor, SCV  
  101  6:47  Marine  
  101  6:50  Marine  
  103  6:54  Barracks Reactor, SCV  
  103  6:55  Barracks Reactor, Sensor Tower  
  103  6:56  SCV  
  103  6:59  SCV  
  106  7:05  Armory  
  106  7:06  Refinery, SCV  
  106  7:07  Refinery, Supply Depot  
  107  7:09  Supply Depot  
  107  7:10  SCV  
  108  7:19  Command Center  
  108  7:24  Viking x2, Marine x2  
  108  7:25  SCV  
  108  7:26  Barracks Reactor  
  108  7:27  SCV  
  116  7:30  SCV  
  116  7:36  Barracks Reactor  
  117  7:37  SCV  
  117  7:38  Siege Tank, Marine x3  
  117  7:39  Marine  
  117  7:41  Supply Depot  
  117  7:42  Marine, SCV, Supply Depot  
  117  7:44  Marine  
  125  7:47  SCV  
  123  7:54  Viking  
  123  7:56  Marine  
  126  8:00  SCV  
  126  8:02  Marine  
  119  8:09  Marine x2  
  119  8:10  Siege Tank, SCV  
  119  8:11  Marine  
  112  8:16  Marine x2  
  112  8:19  Marine x3  
  116  8:20  Terran Infantry Weapons Level 2, Marine  
  116  8:21  Terran Infantry Armor Level 2  
  116  8:25  Supply Depot x2  
  116  8:26  Supply Depot  
  118  8:29  Barracks, Viking  
  118  8:30  Barracks  
  118  8:31  Marine x2  
  118  8:32  Barracks  
  122  8:35  SCV  
  122  8:36  Reaper  
  122  8:38  Marine x7  
  131  8:42  Viking  
  133  8:48  Marine, SCV  
  133  8:49  Marine  
  133  8:53  SCV  
  133  8:54  SCV  
  138  8:56  Marine x3  
  138  8:57  Planetary Fortress  
  138  9:00  Marine  
  142  9:08  Marine  
  142  9:09  Marine x5  
  148  9:10  Siege Tank  
  148  9:13  Marine  
  148  9:14  Marine, Medivac  
  148  9:15  Factory  
  148  9:16  Medivac  
  157  9:18  Marine x3  
  157  9:20  Barracks Reactor  
  157  9:21  Barracks Reactor  
  160  9:38  SCV  
  139  9:42  Siege Tank  
  139  9:44  Medivac  
  139  9:45  Marine x8  
  142  9:46  Marine x3  
  142  9:49  Refinery x2  
  152  9:56  Marine x2  
  154  10:01  Siege Tank  
  154  10:03  Marine x8  
  154  10:04  Marine  
  166  10:07  Terran Vehicle Weapons Level 1  
  166  10:14  Siege Tank  
  166  10:16  Marine x2, Barracks Reactor  
  166  10:18  Marine  
  166  10:19  Marine  
  173  10:23  Medivac x2  
  173  10:27  Marine x5  
  173  10:28  Marine x3  
  185  10:30  Marine x2  
  185  10:33  Siege Tank  
  190  10:37  Command Center  
  190  10:38  Command Center  
  190  10:39  Terran Infantry Weapons Level 3  
  190  10:46  Marine x8  
  190  10:47  Terran Infantry Armor Level 3  
  163  11:23  Marine x11  
  163  11:24  Siege Tank, Marine x5  
  158  11:29  Command Center  
  152  11:41  Marine x6  
  155  11:49  Marine x3  
  155  11:50  Marine x7  
  165  11:56  Command Center  
  165  11:59  Siege Tank, Marine x6, Command Center  
  165  12:00  Siege Tank  
  177  12:07  Marine x7  
  176  12:13  Marine  
  176  12:14  Medivac  
  167  12:20  Terran Vehicle Weapons Level 2  
  167  12:22  Planetary Fortress  
  167  12:23  Planetary Fortress  
  167  12:31  Siege Tank  
  167  12:35  Siege Tank, Marine x2  
  175  12:40  Starport  
  175  12:43  Orbital Command  
  175  12:47  Fusion Core  
  175  12:49  Marine x9  
  184  12:55  Medivac x2  
  188  13:03  Siege Tank  
  191  13:07  Siege Tank  
  191  13:12  Orbital Command  
  194  13:13  Orbital Command  
  194  13:20  Starport  
  176  13:28  Sensor Tower  
  173  13:37  Viking x2  
  173  13:41  Marine, Neosteel Armor, Hi-Sec Auto Tracking, Starport  
  177  13:42  Marine x15  
  193  13:55  Siege Tank  
  168  13:59  Marine x4  
  168  14:00  Marine x3  
  168  14:02  Marine x9  
  182  14:03  Siege Tank  
  182  14:09  Liberator x2  
  170  14:17  Marine x6  
  170  14:19  Marine x2  
  170  14:20  Marine x3  
  170  14:23  Starport Reactor  
  177  14:27  Advanced Ballistics  
  178  14:40  Siege Tank  
  178  14:41  Terran Vehicle Weapons Level 3  
  181  14:46  Marine x8  
  189  15:01  Liberator  
  189  15:03  Marine  
  189  15:04  Marine x10  
  199  15:12  Marine x2  
  163  15:16  Marine x3  
  168  15:21  Marine  
  168  15:22  Marine x4  
  168  15:26  Marine x5  
  178  15:36  Liberator x2  
  178  15:39  Marine x5  
  178  15:40  Marine x4  
  187  15:47  Marine  
  187  15:48  Marine  
  168  15:59  SCV x2  
  168  16:01  Liberator x2  
  170  16:05  Starport Reactor  
  170  16:17  Marine  
  177  16:19  Marine x12  
  177  16:20  Marine x2  
  191  16:28  Siege Tank x2  
  197  16:34  Refinery x2  
  197  16:45  Liberator x2  
  197  16:46  Marine x3, Liberator  
  195  17:06  Viking x3  
  192  17:40  Viking x2  
  191  17:44  Viking  
  193  17:51  Marine x2  
  193  17:52  Siege Tank, SCV  
  198  18:08  Marine x3  
  198  18:09  Marine x6  
Tags
 
Add a new tag
Caveats
  • Supply blocks, unpowered buildings, or Contaminate may cause inaccurate times.
  • Supply counts are checked every 10 seconds.